 Dungeon Crawl Stone Soup version 0.30-a0-777-ga9a30cbeda (console) character file.

Game seed: 16989780044175804163

184 Ignak the Ogre Mage (level 5, -3/50 HPs)
             Began as an Ogre Hedge Wizard on Feb 14, 2023.
             Slain by an orc
             ... wielding a +4 flail of holy wrath
              (11 damage)
             ... on level 4 of the Dungeon.
             The game lasted 00:07:12 (2971 turns).

Ignak the Ogre Mage (Ogre Hedge Wizard)             Turns: 2971, Time: 00:07:13

Health: -3/50      AC:  3    Str: 16    XL:     5   Next: 64%
Magic:  10/11      EV: 10    Int: 15    God:
Gold:   153        SH:  0    Dex:  8    Spells: 4/12 levels left

rFire   + . .      SeeInvis .    o - +0 spear
rCold   + . .      Faith    .    (no shield)
rNeg    . . .      Spirit   .    b - +0 robe
rPois   +          Reflect  .    c - +0 hat
rElec   +          Harm     .    (no cloak)
rCorr   +          Rampage  .    (gloves unavailable)
Will    .....                    (boots unavailable)
Stlth   +                        (no amulet)
HPRegen 0.28/turn                g - ring of wizardry
MPRegen 0.12/turn                i - ring of poison resistance

@: confused, mighty, brilliant, lethally poisoned (-3 -> -8), resistant, on
berserk cooldown, flying, slowed, very slow
A: large, unfitting armour, tough skin 1
a: no special abilities


You were on level 4 of the Dungeon.
You visited 1 branch of the dungeon, and saw 4 of its levels.

You collected 153 gold pieces.

Inventory:

Hand Weapons
 h - a +0 whip
 o - a +0 spear (weapon)
Armour
 b - a +0 robe (worn)
 c - a +0 hat (worn)
Magical Staves
 u - a staff of conjuration
Jewellery
 g - a ring of wizardry (left hand)
 i - a ring of poison resistance (right hand)
 s - a ring of see invisible
Scrolls
 a - a scroll of silence {unknown}
 e - 2 scrolls of fear
 l - a scroll of amnesia {unknown}
 n - a scroll of blinking
 p - 2 scrolls of fog
 q - a scroll of teleportation {unknown}
 r - a scroll of enchant armour {unknown}
 v - a scroll of enchant weapon {unknown}
Potions
 d - a potion of magic
 j - a potion of might
 m - a potion of brilliance


   Skills:
 + Level 2.5 Fighting
 + Level 0.7 Maces & Flails
 + Level 1.4 Armour
 + Level 2.6 Dodging
 - Level 1.4 Stealth
 + Level 4.2 Spellcasting
 + Level 1.9 Conjurations
 - Level 0.8 Summonings
 + Level 2.0 Translocations
 + Level 0.0 Air Magic
 + Level 0.0 Poison Magic


You had 4 spell levels left.
You knew the following spells:

 Your Spells              Type           Power      Damage    Failure   Level
a - Magic Dart            Conj           52%        1d5       3%          1
b - Blink                 Tloc           26%        N/A       4%          2
d - Mephitic Cloud        Conj/Pois/Air  7%         N/A       16%         3
e - Call Imp              Summ           8%         N/A       8%          2

Your spell library contained the following spells:

 Spells                   Type           Power      Damage    Failure   Level
 Summon Small Mammal      Summ           32%        N/A       4%          1
 Lesser Beckoning         Tloc           26%        N/A       4%          2
 Momentum Strike          Conj/Tloc      26%        3d8       4%          2
 Slow                     Hex            16%        N/A       8%          1
 Cigotuvi's Dreadful Rot  Necr/Pois/Air  8%         N/A       11%         2
 Call Canine Familiar     Summ           8%         N/A       16%         3
 Summon Guardian Golem    Hex/Summ       6%         N/A       17%         3
 Confusing Touch          Hex            4%         N/A       21%         3
 Vampiric Draining        Necr           4%         2d6       21%         3


Dungeon Overview and Level Annotations

Branches:
Dungeon (4/15)
 Temple: D:4-7

Altars:


Innate Abilities, Weirdness & Mutations

You are too large for most types of armour.
You have tough skin. (AC +1)


Message History

The magic dart hits you! The orc hits you with a +0 club.
Something hits you but does no damage.
It was a potion of brilliance.
You feel clever all of a sudden. The orc barely misses you.
The orc wizard casts a spell at you. You resist with some effort.
The orc hits you with a +0 club. Something hits you but does no damage.
The orc barely misses you. The orc wizard completely misses you.
The orc barely misses you. The orc hits you with a +0 club. Something hits you.
You are poisoned.
You're too confused to cast spells.
It was a potion of flight.
You feel very buoyant.
You fly up into the air.
You feel sick. The orc hits you with a +0 club. The orc barely misses you.
The orc wizard mumbles some strange words.
The orc wizard flickers and vanishes!
Something hits you.
You are more poisoned.
The orc barely misses you.
It was a potion of resistance.
You feel protected.
You feel very sick. The orc hits you but does no damage.
The orc closely misses you. Something hits you. The orc barely misses you.
Something hits you. The orc barely misses you.
Something hits you but does no damage. x2
The orc hits you with a +0 club. x2
Okay, then.
Okay, then.
You miss something.
You feel very sick. The orc misses you. Something hits you but does no damage.
The orc hits you with a +4 flail of holy wrath.
* * * LOW HITPOINT WARNING * * *
The orc barely misses you. Something hits you.
* * * LOW HITPOINT WARNING * * *
The orc hits you with a +0 club.
* * * LOW HITPOINT WARNING * * *
The orc hits you with a +4 flail of holy wrath!
You die...

*,* *,,,,,,,,*
*,*******,,,,,,,,##
*,*,,,,,,,,,,,,,..# #####
*,*,************#.### #.... *,*,*
***########.#.#*#######.... *,*,*
*,,.........#.(,...........
*,*,***,,.........#.#,...........
,,,,,,,,,.........#.#,######.....
,,,,***,,......o@{#.#,........<..
*,,,,,*,,......o{o#.##########...
,,,,,,,,,........................
,,,,,,*,*########.############...
*****,,,,**,,,,....,,,,* #...
*******,,*,,,.......,,,******####
,,,****,,*,......#..$,,,,,,,,,,,,
,,,**,,,**,......*....,**********
,,,**,,,**,......*.....*


You could see 3 orcs.

Vanquished Creatures
  A hound (D:4)
  Natasha (D:3)
  3 gnolls (D:2)
  2 adders (D:3)
  2 ufetubi (D:4)
  3 ball pythons
  2 bats
  6 endoplasms
  5 giant cockroaches
  4 goblins
  2 jackals
  A quokka (D:1)
  A frilled lizard (D:3)
  3 kobolds
36 creatures vanquished.

Vanquished Creatures (collateral kills)
  An adder (D:2)
  A gnoll (D:2)
  A worm (D:2)
  An endoplasm (D:4)
  3 goblins
  2 hobgoblins
  A jackal (D:1)
  A kobold (D:2)
  A quokka (D:3)
  A ball python (D:3)
  A bat (D:2)
  A frilled lizard (D:2)
15 creatures vanquished.

Grand Total: 51 creatures vanquished

Notes
Turn   | Place    | Note
-------+----------+-------------------------------------------
     0 | D:1      | Ignak the Ogre Hedge Wizard began the quest for the Orb.
     0 | D:1      | Reached XP level 1. HP: 16/16 MP: 5/5
   236 | D:1      | Reached skill level 1 in Conjurations
   245 | D:1      | Reached skill level 1 in Translocations
   418 | D:1      | Reached XP level 2. HP: 26/26 MP: 4/6
   443 | D:1      | Learned a level 2 spell: Blink
   446 | D:1      | Learned a level 2 spell: Call Imp
   793 | D:1      | Reached skill level 1 in Fighting
  1161 | D:2      | Reached XP level 3. HP: 18/33 MP: 5/8
  1165 | D:2      | Learned a level 3 spell: Mephitic Cloud
  1435 | D:2      | Reached skill level 4 in Spellcasting
  1445 | D:2      | Reached XP level 4. HP: 18/42 MP: 2/10
  1494 | D:2      | Reached skill level 1 in Armour
  2548 | D:3      | Noticed Natasha
  2560 | D:3      | Killed Natasha
  2561 | D:3      | Reached XP level 5. HP: 44/50 MP: 6/11
  2971 | D:4      | Slain by an orc

Illustrated notes

Levels and vault maps discovered:
D:1:      minmay_arrival_diagonal_passages, layout_basic,
          hangedman_decor_growths
D:2:      layout_rooms
D:3:      layout_basic, glass_columns_c, uniq_natasha
D:4:      layout_basic, nicolae_ossuary_entry_ruins, gammafunk_ghost_split,
          kennysheep_nub

Skill      XL: |  1  2  3  4  5 |
---------------+----------------+-----
Conjurations   | 1 |  1.9
Translocations | 1 2 |  2.0
Fighting       | 1 2 |  2.5
Dodging        | 2 |  2.6
Spellcasting   | 4 |  4.2
Armour         | 1 |  1.4
Maces & Flails | |  0.7
Stealth        | |  1.4
Summonings     | |  0.8

Action                     |  1- 3 |  4- 6 || total
---------------------------+-------+-------++-------
  Melee: Short sword       |     9 |       ||     9
         Whip              |    71 |       ||    71
         Dagger            |     7 |       ||     7
         Punch             |     1 |       ||     1
         Spear             |       |    89 ||    89
   Cast: Magic Dart        |     7 |     1 ||     8
         Call Imp          |    12 |    12 ||    24
         Mephitic Cloud    |     1 |     4 ||     5
    Use: Scroll            |     1 |     6 ||     7
         Potion            |       |     5 ||     5
   Stab: Confused          |       |     1 ||     1
         Sleeping          |       |     1 ||     1
 Armour: Robe              |    26 |    39 ||    65
  Dodge: Dodged            |    69 |    66 ||   135

Table legend: (Time is in decaauts)
 A = Elapsed time spent in this place.
 B = Non-inter-level travel time spent in this place.
 C = Inter-level travel time spent in this place.
 D = Time resting spent in this place.
 E = Time spent auto-exploring this place.
 F = Levels seen in this place.
 G = Mean time per level.
                   A        B        C        D        E       F      G
               +--------+--------+--------+--------+--------+-----+--------+
         Total |   2991 |   2892 |     99 |    420 |   1638 |   4 |  747.8 |
       Dungeon |   2991 |   2892 |     99 |    420 |   1638 |   4 |  747.8 |
               +--------+--------+--------+--------+--------+-----+--------+

Top non-repeatable levels by time:
     D:1: 1095 daAuts
     D:3: 1002 daAuts
     D:2: 752 daAuts
     D:4: 142 daAuts
